 Dungeon Crawl Stone Soup version 0.29-a0-286-g41199d4a87 (webtiles) character file.

Game seed: 6038711089531319639

168 epen the Vexing (level 5, -3/38 (41) HPs)
             Began as a Gnoll Arcane Marksman on Mar 16, 2022.
             Slain by a wight
             ... wielding a +0 scimitar
              (8 damage)
             ... on level 3 of the Dungeon.
             The game lasted 00:02:55 (3385 turns).

epen the Vexing (Gnoll Arcane Marksman)             Turns: 3385, Time: 00:02:56

HP:   -3/38 (41)    AC:  3    Str:  9    XL:     5   Next: 48%
MP:   9/9           EV: 14    Int: 12    God:
Gold: 199           SH:  0    Dex: 15    Spells: 9/10 levels left

rFire   . . .      SeeInvis .   a - +0 shortbow
rCold   . . .      Faith    .   (shield currently unavailable)
rNeg    . . .      Spirit   .   b - +0 robe
rPois   .          Reflect  .   d - +0 helmet
rElec   .          Harm     .   (no cloak)
rCorr   .          Rampage  .   (no gloves)
Will    .....                   (no boots)
Stlth   ++........              (no amulet)
HPRegen 0.12/turn               (no ring)
MPRegen 0.11/turn               (no ring)

@: attractive, drained
A: fangs 1, strong nose, distributed training
a: no special abilities


You were on level 3 of the Dungeon.
You visited 1 branch of the dungeon, and saw 4 of its levels.

You collected 199 gold pieces.

Inventory:

Hand Weapons
 a - a +0 shortbow (weapon)
Armour
 b - a +0 robe (worn)
 d - a +0 helmet (worn)
Scrolls
 c - a scroll of vulnerability
 f - a scroll of immolation {unknown}
 g - 3 scrolls of teleportation {unknown}
 j - a scroll of enchant armour {unknown}
 n - 2 scrolls of enchant weapon {unknown}
 o - a scroll of fear {unknown}
 p - a scroll of blinking {unknown}
 q - a scroll of torment {unknown}
 r - 6 scrolls of identify {unknown}
 w - a scroll of noise {unknown}
 x - a scroll of amnesia {unknown}
Potions
 e - a potion of degeneration {unknown}
 h - a potion of ambrosia {unknown}
 i - a potion of attraction
 k - a potion of lignification {unknown}
 l - a potion of haste {unknown}
 m - a potion of heal wounds {unknown}
 s - 2 potions of flight {unknown}
 t - a potion of invisibility {unknown}
 u - 2 potions of brilliance {unknown}
 v - a potion of cancellation {unknown}


   Skills:
 + Level 3.0 Fighting
 + Level 1.5 Short Blades
 + Level 1.5 Long Blades
 + Level 1.5 Axes
 + Level 1.5 Maces & Flails
 + Level 1.5 Polearms
 + Level 1.5 Staves
 + Level 1.5 Slings
 + Level 4.8 Bows
 + Level 1.5 Crossbows
 + Level 1.5 Throwing
 + Level 1.5 Armour
 + Level 4.8 Dodging
 + Level 1.5 Stealth
 + Level 1.5 Shields
 + Level 1.5 Unarmed Combat
 + Level 3.2 Spellcasting
 + Level 1.2 Conjurations
 + Level 5.5 Hexes
 + Level 1.2 Summonings
 + Level 1.2 Necromancy
 + Level 1.2 Translocations
 + Level 1.2 Transmutations
 + Level 1.2 Fire Magic
 + Level 1.2 Ice Magic
 + Level 1.2 Air Magic
 + Level 1.2 Earth Magic
 + Level 1.2 Poison Magic
 + Level 1.7 Invocations
 + Level 1.5 Evocations


You had 9 spell levels left.
You knew the following spells:

 Your Spells              Type           Power      Damage    Failure   Level
a - Slow                  Hex            60%        N/A       2%          1

Your spell library contained the following spells:

 Spells                   Type           Power      Damage    Failure   Level
 Freeze                   Ice            16%        1d4       14%         1
 Inner Flame              Hex/Fire       10%        N/A       19%         3
 Portal Projectile        Hex/Tloc       20%        N/A       19%         3
 Blink                    Tloc           8%         N/A       22%         2
 Cause Fear               Hex            7%         N/A       24%         4
 Frozen Ramparts          Ice            8%         1d2       41%         3
 Lesser Beckoning         Tloc           4%         N/A       41%         3
 Hailstorm                Conj/Ice       4%         3d4       82%         4
 Manifold Assault         Tloc           4%         N/A       99%         5


Dungeon Overview and Level Annotations

Branches:
Dungeon (4/15)
 Temple: D:4-7

Altars:

Annotations:
D:4 Sigmund


Innate Abilities, Weirdness & Mutations

You have very sharp teeth.
Your uncanny sense of smell can sniff out nearby items.
Your experience applies equally to all skills.


Message History

There is a stone staircase leading down here.
The adder attacks as you move away! The adder barely misses you.
The wight closely misses you. The adder attacks as you move away!
The adder bites you.
You are poisoned.
The adder poisons you!
You feel sick. The wight attacks as you move away!
The wight closely misses you.
You feel sick.
You shoot an arrow. The arrow barely misses the wight.
The arrow hits the adder.
The adder is heavily wounded.
You feel sick. The wight hits you with a +0 scimitar!
You feel drained. The wight barely misses you.
You shoot an arrow.
The arrow hits the wight but does no damage.
You feel sick. The wight barely misses you.
You shoot an arrow.
The arrow hits the wight but does no damage.
You feel sick.
You are no longer poisoned.
The wight hits you with a +0 scimitar.
You are too injured to fight recklessly!
You are too injured to fight recklessly!
Shoot: a) +0 shortbow
Press: ? - help, Shift-Dir - straight line, f/p - wight
Aim: a wight, wielding a +0 scimitar and wearing a +0 robe (62% to hit)
You shoot an arrow. The arrow hits the wight.
The wight is lightly damaged.
The wight hits you with a +0 scimitar.
You feel drained.
Shoot: a) +0 shortbow
Press: ? - help, Shift-Dir - straight line, f/p - wight
Aim: a wight, wielding a +0 scimitar and wearing a +0 robe (lightly damaged, 62% to hit)
You shoot an arrow. The arrow hits the wight.
The wight is moderately damaged.
The wight hits you with a +0 scimitar!
* * * LOW HITPOINT WARNING * * *
It was a potion of attraction.
You feel attractive to monsters. The wight hits you with a +0 scimitar!
You die...

#.####.........#.#(..#.#
#.......##.###.#.#.#.#.#
#.......#<.....#.#.#.#.#
##.#######.#####.#.#.#.#
#.........#.....#.#.#..
#########.#.#####.#...)
#.#.#..^..#....
#######.#.#.#####....
#...@zS>.............
#.#####.#.#.#####.##.
#.#..<#.#.#.# #.##.
#.#.#.#.#.#.# #.##.
#.#.###.#.#.# #....
#.#.....#.#.# #####
#.#######.#.# #.
#.........#.# #.
###########(# #.


You could see a wight and an adder.

Vanquished Creatures
  A hound (D:2)
  3 gnolls (D:3)
  2 adders
  3 dart slugs
  An orc (D:4)
  7 ball pythons
  8 bats
  4 endoplasms
  2 giant cockroaches
  6 goblins
  6 hobgoblins
  17 jackals
  5 quokkas
  4 frilled lizards
  A kobold (D:3)
  6 rats
76 creatures vanquished.

Notes
Turn   | Place    | Note
-------+----------+-------------------------------------------
     0 | D:1      | epen the Gnoll Arcane Marksman began the quest for the Orb.
     0 | D:1      | Reached XP level 1. HP: 17/17 MP: 4/4
   185 | D:1      | Reached XP level 2. HP: 20/23 MP: 5/5
   359 | D:1      | Found a faded altar of an unknown god.
   545 | D:1      | Reached XP level 3. HP: 21/28 MP: 7/7
   975 | D:2      | Reached skill level 1 in Invocations
   993 | D:2      | Reached skill level 1 in Short Blades
   993 | D:2      | Reached skill level 1 in Long Blades
   993 | D:2      | Reached skill level 1 in Axes
   993 | D:2      | Reached skill level 1 in Maces & Flails
   993 | D:2      | Reached skill level 1 in Polearms
   993 | D:2      | Reached skill level 1 in Staves
   993 | D:2      | Reached skill level 1 in Slings
   993 | D:2      | Reached skill level 1 in Crossbows
   993 | D:2      | Reached skill level 1 in Throwing
   993 | D:2      | Reached skill level 1 in Armour
   993 | D:2      | Reached skill level 1 in Stealth
   993 | D:2      | Reached skill level 1 in Shields
   993 | D:2      | Reached skill level 1 in Unarmed Combat
   993 | D:2      | Reached skill level 1 in Evocations
   993 | D:2      | Reached XP level 4. HP: 4/34 MP: 8/8
  2018 | D:3      | Reached skill level 1 in Conjurations
  2018 | D:3      | Reached skill level 1 in Summonings
  2018 | D:3      | Reached skill level 1 in Necromancy
  2018 | D:3      | Reached skill level 1 in Translocations
  2018 | D:3      | Reached skill level 1 in Transmutations
  2018 | D:3      | Reached skill level 1 in Fire Magic
  2018 | D:3      | Reached skill level 1 in Ice Magic
  2018 | D:3      | Reached skill level 1 in Air Magic
  2018 | D:3      | Reached skill level 1 in Earth Magic
  2018 | D:3      | Reached skill level 1 in Poison Magic
  2469 | D:3      | Reached XP level 5. HP: 40/40 MP: 9/9
  3003 | D:4      | Noticed Sigmund
  3176 | D:4      | Noticed a phantom
  3385 | D:3      | Slain by a wight

Illustrated notes

Levels and vault maps discovered:
D:1:      tarquinn_simple_flora_water_d, layout_basic,
          ebering_ecumenical_altar_petrified, grunt_decor_resistance,
          dreamdust_princess_corridor
D:2:      layout_loops_ring, st_stairs_6, chequers_serial_rivers_micro_a,
          chequers_serial_rivers_micro_e
D:3:      layout_basic
D:4:      layout_loops_ring, minmay_temple_entry_drinking_statues, uniq_sigmund,
          uniq_robin

Skill      XL: |  1  2  3  4  5 |
---------------+----------------+-----
Invocations    | 1 |  1.7
Short Blades   | 1 |  1.5
Long Blades    | 1 |  1.5
Axes           | 1 |  1.5
Maces & Flails | 1 |  1.5
Polearms       | 1 |  1.5
Staves         | 1 |  1.5
Slings         | 1 |  1.5
Crossbows      | 1 |  1.5
Throwing       | 1 |  1.5
Armour         | 1 |  1.5
Stealth        | 1 |  1.5
Shields        | 1 |  1.5
Unarmed Combat | 1 |  1.5
Spellcasting   | 3 |  3.2
Evocations     | 1 |  1.5
Conjurations   | 1 |  1.2
Summonings     | 1 |  1.2
Necromancy     | 1 |  1.2
Translocations | 1 |  1.2
Transmutations | 1 |  1.2
Fire Magic     | 1 |  1.2
Ice Magic      | 1 |  1.2
Air Magic      | 1 |  1.2
Earth Magic    | 1 |  1.2
Poison Magic   | 1 |  1.2
Fighting       | 3 |  3.0
Bows           | |  4.8
Dodging        | |  4.8
Hexes          | |  5.5

Action                   |  1- 3 |  4- 6 || total
-------------------------+-------+-------++-------
 Fire: Shortbow          |    88 |   148 ||   236
  Use: Potion            |       |     1 ||     1
Armor: Robe              |    12 |    16 ||    28
Dodge: Dodged            |    38 |    81 ||   119

Table legend: (Time is in decaauts)
 A = Elapsed time spent in this place.
 B = Non-inter-level travel time spent in this place.
 C = Inter-level travel time spent in this place.
 D = Time resting spent in this place.
 E = Time spent auto-exploring this place.
 F = Levels seen in this place.
 G = Mean time per level.
                   A        B        C        D        E       F      G
               +--------+--------+--------+--------+--------+-----+--------+
         Total |   3451 |   3216 |    235 |    488 |   2261 |   4 |  862.8 |
       Dungeon |   3451 |   3216 |    235 |    488 |   2261 |   4 |  862.8 |
               +--------+--------+--------+--------+--------+-----+--------+

Top non-repeatable levels by time:
     D:3: 1264 daAuts
     D:1: 1206 daAuts
     D:2: 805 daAuts
     D:4: 174 daAuts
